 Dungeon Crawl Stone Soup version 0.28-a0-723-g095bd1b44f (webtiles) character file.

Game seed: 12446405409716631551

341 croobank the Chopper (level 6, -1/56 HPs)
             Began as a Minotaur Berserker on Oct 25, 2021.
             Was a Priest of Trog.
             Splashed by a jelly's acid (7 damage)
             ... on level 2 of the Dungeon.
             The game lasted 00:16:55 (1723 turns).

croobank the Chopper (Minotaur Berserker)           Turns: 1723, Time: 00:17:04

Health: -1/56      AC: -8    Str: 22    XL:     6   Next: 30%
Magic:  5/5        EV: 12    Int:  4    God:    Trog [***...]
Gold:   188        SH:  0    Dex: 11    Spells: 5/5 levels left

rFire   . . .      SeeInvis .   m - +0 broad axe
rCold   . . .      Faith    .   (no shield)
rNeg    . . .      Spirit   .   c - +0 leather armour
rPois   .          Reflect  .   (helmet restricted)
rElec   .          Harm     .   (no cloak)
rCorr   .          Rampage  .   (no gloves)
Will    .....                   (no boots)
Stlth   +.........              (no amulet)
HPRegen 0.18/turn               (no ring)
MPRegen 0.09/turn               (no ring)

@: corroded, on berserk cooldown, slowed, very slow
A: horns 2, retaliatory headbutt
a: Renounce Religion, Berserk, Trog's Hand


You were on level 2 of the Dungeon.
You worshipped Trog.
Trog was most pleased with you.
You visited 1 branch of the dungeon, and saw 2 of its levels.

You collected 188 gold pieces.

Inventory:

Hand Weapons
 a - a +0 hand axe
 e - a +0 falchion
 k - a +0 scythe
 m - a +0 broad axe (weapon)
Missiles
 d - 77 stones (quivered)
 i - 7 poisoned darts
 l - 10 bolts
Armour
 b - a +0 animal skin
 c - a +0 leather armour (worn)
Scrolls
 p - a scroll of enchant weapon {unknown}
Potions
 f - a potion of mutation {unknown}
 g - a potion of attraction
 h - a potion of brilliance
 j - a potion of ambrosia {unknown}
 n - 2 potions of curing {unknown}
 o - a potion of resistance {unknown}


   Skills:
 + Level 5.2 Fighting
 + Level 6.3 Axes
 + Level 3.6 Armour
 + Level 3.6 Dodging
 + Level 0.1 Stealth


You had 5 spell levels left.
You didn't know any spells.
Your spell library was empty.

Dungeon Overview and Level Annotations

Branches:
Dungeon (2/15)

Altars:


Innate Abilities, Weirdness & Mutations

You have a pair of horns on your head.
You reflexively headbutt those who attack you in melee.


Message History

You slice the endoplasm!!
You kill the endoplasm!
Trog accepts your kill.
You slash the endoplasm!
You kill the endoplasm!
Trog accepts your kill.
You slash the jelly!
You kill the jelly!
Trog accepts your kill.
A nearby fungus withers and dies. x2
Unknown command.
You slash the endoplasm!
You kill the endoplasm!
Trog accepts your kill.
You slash the jelly!
Your hands burn!
The jelly is severely wounded.
You slash the jelly!
You kill the jelly!
Trog accepts your kill.
The jelly hits the fungus.
The fungus begins to die.
The fungus is splashed with acid.
You feel a strong urge to attack something.
You are no longer berserk.
You are exhausted.
You feel yourself slow down.
You see here a hobgoblin skeleton.
The endoplasm hits you. The jelly closely misses you.
You slash the jelly! The acid corrodes you!
Your hands burn!
You headbutt the jelly.
The jelly is almost dead.
You hit the fungus but do no damage. You slash the endoplasm!
You kill the endoplasm!
Trog accepts your kill.
A nearby fungus withers and dies.
The jelly hits you.
You are splashed with acid!
* * * LOW HITPOINT WARNING * * *
The jelly hits you.
* * * LOW HITPOINT WARNING * * *
The acid corrodes you!
You are splashed with acid!
You die...

...# #.#####.##
#........#.#)÷... ...#
#.#
#.####....##.##.#.....
...# #.#
#.............#)#.....
#### #.#
#########.##..........
######.#
###########........#.#.#
.......#
(......÷.##.###)........
######## ÷...÷P.÷.##.#
#.#'##.#.# #
...÷...P.##.###.#.#...>.
#
.P....J@.##.......##.#.#
#
.P......÷######.........
##
÷........##........#.#.#
.#
#######'###.####.......#
.# ##...)..## #.#
#........ .# #.########
#.# #.......# .#
##..'....# #.# #.......#
.# ####....# #.#
#.......# .# #.......#
#.# ##....###


You could see a jelly.

Vanquished Creatures
  Sigmund (D:2)
  2 jellies (D:2)
  Jessica (D:2)
  Robin (D:2)
  An adder (D:2)
  A worm (D:2)
  2 dart slugs
  3 ball pythons (D:1)
  14 endoplasms
  2 giant cockroaches
  12 goblins
  4 hobgoblins
  5 jackals (D:2)
  2 quokkas (D:1)
  2 bats
  2 frilled lizards (D:2)
  13 kobolds
  10 rats
78 creatures vanquished.

Vanquished Creatures (others)
  6 fungi (D:2)
  5 toadstools (D:2)
11 creatures vanquished.

Grand Total: 89 creatures vanquished

Notes
Turn   | Place    | Note
-------+----------+-------------------------------------------
     0 | D:1      | croobank the Minotaur Berserker began the quest for the
                  | Orb.
     0 | D:1      | Reached XP level 1. HP: 19/19 MP: 0/0
   171 | D:1      | Reached skill level 4 in Axes
   171 | D:1      | Reached XP level 2. HP: 27/27 MP: 1/1
   499 | D:1      | Reached ** piety under Trog
   738 | D:1      | Reached XP level 3. HP: 30/33 MP: 2/2
   828 | D:2      | Noticed Robin
   842 | D:2      | Killed Robin
  1084 | D:2      | Reached XP level 4. HP: 40/40 MP: 3/3
  1143 | D:2      | Noticed Sigmund
  1149 | D:2      | Killed Sigmund
  1150 | D:2      | Reached skill level 6 in Axes
  1150 | D:2      | Reached XP level 5. HP: 45/47 MP: 4/4
  1471 | D:2      | Noticed Jessica
  1477 | D:2      | Killed Jessica
  1477 | D:2      | Reached *** piety under Trog
  1478 | D:2      | Reached skill level 5 in Fighting
  1673 | D:2      | Reached XP level 6. HP: 56/56 MP: 5/5
  1723 | D:2      | Splashed by a jelly's acid

Illustrated notes

Levels and vault maps discovered:
D:1:      mrwooster_arrival_statue, layout_rooms, minmay_rat_gold_closets
D:2:      cheibrodos_fertilizer, layout_basic, st_stairs_12, uniq_jessica,
          uniq_robin, uniq_crazy_yiuf_cottage, uniq_sigmund

Skill      XL: |  1  2  3  4  5 |
---------------+----------------+-----
Axes           | 4 6 |  6.3
Fighting       | 4 5 |  5.2
Dodging        | 3 |  3.6
Armour         | 3 |  3.6
Stealth        | |  0.1

Action                   |  1- 3 |  4- 6 || total
-------------------------+-------+-------++-------
Melee: Hand axe          |    79 |     9 ||    88
       Headbutt          |    12 |     5 ||    17
       Broad axe         |       |    41 ||    41
Invok: Berserk           |     1 |     2 ||     3
  Use: Scroll            |     2 |       ||     2
       Potion            |     1 |       ||     1
Armor: Animal skin       |     3 |       ||     3
       Leather armour    |    11 |    14 ||    25
Dodge: Dodged            |    38 |    28 ||    66

Table legend: (Time is in decaauts)
 A = Elapsed time spent in this place.
 B = Non-inter-level travel time spent in this place.
 C = Inter-level travel time spent in this place.
 D = Time resting spent in this place.
 E = Time spent auto-exploring this place.
 F = Levels seen in this place.
 G = Mean time per level.
                   A        B        C        D        E       F      G
               +--------+--------+--------+--------+--------+-----+--------+
         Total |   1756 |   1756 |      0 |    255 |    886 |   2 |  878.0 |
       Dungeon |   1756 |   1756 |      0 |    255 |    886 |   2 |  878.0 |
               +--------+--------+--------+--------+--------+-----+--------+

Top non-repeatable levels by time:
     D:2: 939 daAuts
     D:1: 817 daAuts
